Map: Romanticide LE

Players

MCanning

  • Race: Protoss Protoss

Astrea - Winner!

  • Race: Protoss Protoss

Event: DreamHack SC2 Masters 2021 Fall

VOD

Have the link to the VOD?

Description

Time

  • Played on: Aug. 7, 2021, 4:04 p.m.
  • Length: 13:30

All games in this series

Show
View Real Time Build Order
Export as new Build Order

MCanning Protoss 

Build Orders: Blink Stalkers, Zealot Archon 

Get SALT Encoding   

  12  0:00  Probe  
  13  0:12  Probe  
  14  0:17  Pylon  
  14  0:24  Probe  
  15  0:36  Probe (Chrono Boost)  
  15  0:37  Gateway  
  16  0:46  Assimilator  
  16  0:47  Probe (Chrono Boost)  
  17  0:51  Probe (Chrono Boost)  
  17  0:55  Assimilator  
  18  1:03  Probe  
  19  1:10  Gateway  
  19  1:15  Probe  
  20  1:24  Cybernetics Core  
  20  1:27  Probe  
  21  1:36  Pylon  
  21  1:44  Probe  
  21  1:46  Pylon  
  22  2:00  Stalker  
  24  2:01  Warp Gate (Chrono Boost)  
  24  2:03  Stalker  
  26  2:11  Probe  
  27  2:16  Pylon  
  27  2:36  Sentry  
  29  2:42  Nexus  
  29  2:47  Probe (Chrono Boost)  
  29  2:49  Sentry  
  32  2:59  Probe (Chrono Boost)  
  33  3:06  Probe (Chrono Boost)  
  33  3:11  Twilight Council  
  34  3:13  Probe (Chrono Boost)  
  35  3:25  Probe (Chrono Boost)  
  35  3:26  Pylon  
  36  3:31  Probe (Chrono Boost)  
  37  3:39  Forge  
  37  3:40  Probe  
  38  3:47  Stalker  
  40  3:52  Probe (Chrono Boost)  
  40  3:53  Blink (Chrono Boost)  
  42  3:56  Probe (Chrono Boost)  
  42  4:04  Probe (Chrono Boost)  
  44  4:10  Probe (Chrono Boost)  
  44  4:11  Probe (Chrono Boost)  
  44  4:12  Stalker  
  44  4:16  Stalker  
  49  4:19  Probe  
  49  4:20  Protoss Ground Weapons Level 1 (Chrono Boost)  
  50  4:26  Probe  
  50  4:31  Probe  
  52  4:37  Pylon  
  52  4:38  Probe  
  52  4:40  Stalker  
  52  4:43  Stalker  
  52  4:44  Probe  
  58  4:50  Probe  
  58  4:52  Assimilator  
  59  4:58  Probe  
  59  5:08  Nexus  
  59  5:11  Probe x2  
  59  5:12  Pylon  
  61  5:19  Robotics Facility  
  61  5:23  Probe x2  
  63  5:35  Probe x2  
  64  5:37  Charge (Chrono Boost), Gateway  
  64  5:40  Gateway  
  65  5:46  Shield Battery  
  65  5:47  Probe x2  
  67  5:52  Photon Cannon  
  67  5:57  Gateway  
  67  6:00  Gateway, Probe  
  68  6:08  Observer  
  68  6:09  Probe  
  70  6:14  Gateway  
  70  6:15  Gateway  
  70  6:17  Protoss Ground Weapons Level 2 (Chrono Boost)  
  70  6:20  Pylon  
  70  6:21  Probe (Chrono Boost)  
  70  6:24  Probe (Chrono Boost)  
  73  6:28  Probe (Chrono Boost)  
  75  6:33  Templar Archives, Probe (Chrono Boost)  
  75  6:34  Probe (Chrono Boost)  
  75  6:37  Probe (Chrono Boost)  
  75  6:38  Observer, Probe (Chrono Boost)  
  77  6:43  Probe  
  79  6:47  Probe  
  79  6:48  Pylon  
  79  6:50  Probe  
  79  6:52  Pylon, Zealot x3  
  87  6:55  Probe  
  87  6:59  Probe  
  89  7:01  Assimilator  
  89  7:06  Gateway  
  89  7:07  Gateway  
  89  7:10  Photon Cannon  
  89  7:11  High Templar x2  
  93  7:17  Archon  
  93  7:18  Zealot x4  
  101  7:22  Pylon  
  101  7:24  Zealot x2  
  99  7:37  Probe  
  99  7:38  Zealot x4  
  99  7:42  Robotics Bay  
  106  7:45  Photon Cannon  
  106  7:47  Stalker x2  
  106  7:50  Probe  
  106  7:52  Probe  
  106  7:53  Probe  
  108  8:04  Zealot  
  108  8:05  Zealot x2, Robotics Facility  
  114  8:06  Pylon  
  114  8:08  High Templar  
  114  8:11  High Templar  
  113  8:15  Archon  
  113  8:17  Observer, Zealot x3  
  116  8:21  Pylon  
  113  8:27  Zealot x4  
  113  8:31  Zealot  
  111  8:36  Disruptor (Chrono Boost)  
  111  8:40  Zealot x3  
  119  8:48  Assimilator  
  119  8:52  Stalker x4  
  124  8:57  Zealot  
  124  9:02  Zealot x2  
  124  9:05  Stalker  
  124  9:16  Zealot x5  
  132  9:23  Disruptor (Chrono Boost)  
  129  9:34  Zealot  
  129  9:35  Zealot  
  129  9:41  Stalker x4  
  123  9:46  Nexus  
  123  9:49  Pylon  
  123  9:59  Zealot x2  
  127  10:01  Disruptor (Chrono Boost)  
  127  10:05  Zealot  
  132  10:10  Pylon  
  132  10:11  Pylon  
  132  10:13  Probe  
  131  10:15  Zealot x3  
  131  10:18  Disruptor (Chrono Boost)  
  131  10:20  Probe  
  121  10:29  Probe  
  121  10:32  Shield Battery, Photon Cannon  
  121  10:34  Disruptor (Chrono Boost)  
  123  10:51  Zealot x5  
  123  10:57  Disruptor (Chrono Boost)  
  123  11:02  Stalker x3  
  120  11:18  Zealot x5  
  110  11:24  Zealot x2  
  119  11:28  Observer (Chrono Boost)  
  119  11:31  Probe x3  
  119  11:32  Probe  
  123  11:38  Stalker x3  
  124  11:40  Zealot x2  
  124  11:43  Observer (Chrono Boost), Probe x2  
  123  11:53  Disruptor (Chrono Boost), Zealot x4  
  127  12:00  Probe  
  131  12:07  Disruptor (Chrono Boost)  
  134  12:08  Zealot x2  
  134  12:14  Pylon  
  138  12:18  Zealot x3  
  138  12:22  Zealot x2  
  148  12:29  Nexus  
  143  12:39  Zealot x3  
  143  12:40  Zealot  
  136  12:52  Zealot x3  
  123  13:03  Zealot x2  
  123  13:04  Zealot  
Show
View Real Time Build Order
Export as new Build Order

Astrea Protoss - Winner!

Build Orders: Oracle Opening, Phoenix Opening 

Get SALT Encoding   

  12  0:00  Probe  
  13  0:12  Probe  
  14  0:18  Pylon  
  14  0:24  Probe (Chrono Boost)  
  15  0:36  Probe (Chrono Boost)  
  15  0:38  Gateway  
  16  0:44  Probe (Chrono Boost)  
  16  0:46  Assimilator  
  17  0:51  Probe  
  17  0:55  Assimilator  
  18  1:03  Probe (Chrono Boost)  
  19  1:05  Pylon  
  20  1:12  Probe (Chrono Boost)  
  20  1:17  Probe (Chrono Boost)  
  21  1:25  Cybernetics Core  
  21  1:29  Probe  
  21  1:32  Zealot  
  24  1:41  Probe  
  25  1:53  Probe  
  26  2:02  Sentry (Chrono Boost), Warp Gate  
  26  2:06  Pylon  
  28  2:23  Nexus, Stalker (Chrono Boost)  
  28  2:27  Probe  
  31  2:30  Phoenix  
  31  2:39  Shield Battery  
  31  2:40  Probe  
  32  2:46  Stargate  
  32  2:52  Probe  
  33  3:04  Probe  
  36  3:16  Probe  
  37  3:26  Pylon  
  35  3:27  Oracle (Chrono Boost)  
  35  3:29  Probe  
  39  3:35  Twilight Council  
  39  3:37  Probe  
  39  3:41  Probe  
  41  3:49  Probe  
  41  3:53  Probe  
  41  3:54  Oracle (Chrono Boost)  
  43  3:57  Gateway  
  43  4:01  Probe  
  45  4:05  Probe  
  45  4:09  Forge  
  46  4:13  Probe  
  47  4:17  Probe  
  47  4:19  Blink  
  48  4:25  Protoss Ground Weapons Level 1 (Chrono Boost), Probe  
  48  4:29  Probe  
  50  4:37  Probe  
  51  4:39  Nexus  
  51  4:41  Probe  
  51  4:44  Pylon  
  52  4:49  Assimilator, Probe  
  53  4:53  Probe  
  53  4:59  Gateway  
  54  5:01  Gateway, Probe  
  54  5:05  Probe  
  56  5:13  Robotics Facility, Probe  
  57  5:17  Probe  
  57  5:19  Phoenix, Stalker x2  
  62  5:25  Probe  
  62  5:27  Shield Battery  
  63  5:30  Probe  
  63  5:31  Pylon  
  64  5:38  Probe  
  64  5:42  Probe  
  66  5:43  Stalker x2  
  70  5:50  Probe (Chrono Boost)  
  70  5:51  Probe (Chrono Boost)  
  73  5:59  Probe (Chrono Boost)  
  73  6:00  Gateway x2  
  73  6:02  Probe x2 (Chrono Boost)  
  75  6:07  Observer, Probe x2 (Chrono Boost)  
  75  6:08  Gateway, Probe (Chrono Boost)  
  75  6:10  Gateway  
  79  6:15  Assimilator  
  79  6:17  Probe  
  80  6:20  Protoss Ground Weapons Level 2 (Chrono Boost)  
  80  6:21  Stalker, Probe  
  80  6:22  Stalker x2  
  80  6:24  Charge  
  80  6:25  Stalker  
  89  6:26  Pylon  
  89  6:33  Pylon  
  89  6:45  Stalker, Warp Prism  
  93  6:48  Stalker x2  
  97  6:55  Pylon  
  97  6:56  Stalker  
  99  7:02  Pylon  
  99  7:05  Stalker  
  101  7:10  Stalker  
  101  7:13  Zealot x5  
  113  7:21  Pylon  
  113  7:22  Observer  
  114  7:23  Pylon  
  108  7:38  Probe  
  108  7:39  Observer  
  108  7:43  Nexus  
  109  7:51  Stalker x5  
  109  7:52  Stalker x3  
  126  7:58  Probe x3  
  126  7:59  Shield Battery  
  126  8:01  Shield Battery  
  128  8:10  Probe  
  129  8:13  Probe  
  129  8:14  Probe  
  129  8:15  Stalker x5  
  141  8:22  Pylon  
  141  8:23  Pylon  
  129  8:37  Stalker x3  
  129  8:38  Stalker x3  
  141  8:41  Observer  
  141  8:44  Probe x2  
  141  8:45  Photon Cannon  
  143  8:52  Protoss Shields Level 1 (Chrono Boost)  
  143  8:56  Zealot x2  
  145  9:03  Stalker x2  
  145  9:04  Zealot x4  
  157  9:11  Observer, Probe x2  
  157  9:12  Probe  
  157  9:13  Assimilator  
  160  9:17  Probe  
  160  9:19  Assimilator, Stalker x2  
  165  9:29  Pylon  
  165  9:30  Pylon  
  165  9:32  Pylon  
  165  9:34  Dark Shrine  
  165  9:45  Stalker x3  
  163  9:48  Photon Cannon  
  163  9:51  Gateway, Stalker x3  
  163  9:52  Zealot x2  
  173  9:57  Gateway  
  173  10:02  Pylon  
  173  10:13  Stalker x3  
  173  10:14  Stalker x4  
  176  10:28  Zealot  
  172  10:34  Nexus  
  172  10:35  Observer, Photon Cannon, Shield Battery  
  173  10:40  Zealot x5  
  173  10:41  Zealot, Robotics Bay  
  173  10:42  Robotics Facility  
  185  10:56  Observer  
  180  10:58  Observer, Zealot x2  
  180  10:59  Zealot x2  
  180  11:03  Shadow Stride (Chrono Boost), Zealot x4  
  184  11:13  Stalker x2  
  168  11:22  Stalker x4  
  168  11:24  Zealot x4  
  178  11:29  Probe x4  
  182  11:41  Stalker x2  
  180  11:50  Zealot x4  
  180  11:51  Zealot x3, Stalker  
  186  11:54  Observer  
  187  12:03  Gravitic Boosters (Chrono Boost)  
  187  12:10  Stalker x2  
  187  12:11  Stalker x4  
  195  12:36  Dark Templar x2  
  197  12:50  Zealot x8  
  199  12:54  Disruptor (Chrono Boost)  
  177  13:10  Stalker x10  

Tags
 
Add a new tag
Caveats
  • Supply blocks, unpowered buildings, or Contaminate may cause inaccurate times.
  • Supply counts are checked every 10 seconds.